 Dungeon Crawl Stone Soup version 0.29.1-15-g9cfb28693d (webtiles) character file.

Game seed: 12966414188226231938

376 hawla the Firebug (level 7, -1/50 HPs)
             Began as a Meteoran Fire Elementalist on Feb 21, 2023.
             Slain by a black bear (3 damage)
             ... on level 4 of the Dungeon.
             The game lasted 00:05:39 (788 turns).

hawla the Firebug (Meteoran Fire Elementalist)       Turns: 788, Time: 00:05:40

Health: -1/50      AC:  3    Str: 10    XL:     7   Next: 24%
Magic:  1/14       EV: 13    Int: 19    God:
Gold:   59         SH:  0    Dex: 14    Spells: 7/14 levels left

rFire   . . .      SeeInvis .   (no weapon)
rCold   . . .      Faith    .   (no shield)
rNeg    . . .      Spirit   .   a - +0 robe
rPois   .          Reflect  .   (no helmet)
rElec   .          Harm     .   g - +0 cloak
rCorr   .          Rampage  .   (no gloves)
Will    .....                   (no boots)
Stlth   +.........              (no amulet)
HPRegen 0.16/turn               (no ring)
MPRegen 0.14/turn               (no ring)

@: glowing
A: sense surroundings 1, otherworldly, glowing, explore regen
a: no special abilities


You were on level 4 of the Dungeon.
You visited 1 branch of the dungeon, and saw 4 of its levels.

You collected 59 gold pieces.

Inventory:

Armour
 a - a +0 robe (worn)
 g - a +0 cloak (worn)
Scrolls
 b - 2 scrolls of teleportation {unknown}
 d - 2 scrolls of identify
 e - a scroll of vulnerability {unknown}


   Skills:
 - Level 3.3 Dodging
 - Level 1.4 Stealth
 - Level 4.3 Spellcasting
 + Level 4.3 Conjurations
 - Level 6.4 Fire Magic


You had 7 spell levels left.
You knew the following spells:

 Your Spells              Type           Power      Damage    Failure   Level
a - Foxfire               Conj/Fire      96%        2x1d8     1%          1
b - Scorch                Fire           56%        2d8       1%          2
c - Flame Wave            Conj/Fire      24%        2d8       14%         4

Your spell library contained the following spells:

 Spells                   Type           Power      Damage    Failure   Level
 Conjure Flame            Conj/Fire      24%        6-21      4%          3
 Inner Flame              Hex/Fire       16%        N/A       11%         3
 Summon Cactus Giant      Summ           2%         N/A       100%        6


Dungeon Overview and Level Annotations

Branches:
Dungeon (4/15) Zot: 1609
 Temple: D:4-7

Altars:

Annotations:
D:3 Robin


Innate Abilities, Weirdness & Mutations

You passively map a small area around you.
You are easily found by Zot.
You glow in the dark.
You regain HP and MP as you explore.


Message History

The quokka closely misses you.
The black bear attacks as you move away!
The black bear closely misses you. x2; The black bear claws you.
The quokka attacks as you move away! The quokka barely misses you.
The black bear attacks as you move away!
The black bear closely misses you.
The black bear claws you but does no damage.
The black bear claws you.
The orc wizard attacks as you move away!
The orc wizard hits you with a +0 dagger.
* * * LOW HITPOINT WARNING * * *
Casting: Flame Wave (quite dangerous; 14% risk of failure)
Confirm with . or Enter, or press ? or * to list all spells.
The spell is quite dangerous to miscast (14% risk of failure)!
Continue anyway?
Casting: Flame Wave (quite dangerous; 14% risk of failure)
Press: ? - help, Dir - look around, f - activate A wave of flame ripples out!
The flame wave engulfs the orc wizard!
The orc wizard is almost dead.
The flame wave engulfs the black bear!
The black bear is moderately wounded. (Press . to intensify the flame waves.)
The orc wizard hits you with a +0 dagger.
* * * LOW HITPOINT WARNING * * *
The black bear bites you but does no damage.
The black bear closely misses you.
The black bear claws you but does no damage.
A wave of flame ripples out!
The flame wave engulfs the orc wizard but does no damage.
The orc wizard is severely wounded.
The flame wave engulfs the black bear!
The black bear is severely wounded.
The flame wave engulfs the quokka!
You kill the quokka!
The orc wizard casts a spell at you. The puff of flame hits you!
* * * LOW HITPOINT WARNING * * *
The black bear bites you.
* * * LOW HITPOINT WARNING * * *
The black bear claws you.
You die...

##....##.....##
##....###......
####.#...##..###..#.###.....
##....###..#.......##†.# *
#....####...#.#......†.####.
##..##
#...#..#.###.......... ####
##..#...####..........
#.....###.....#.#....
#.....####..#####....
##.#.@o†##.)..#......
###..h....))...... #
##.#............
#.##....).......
#..,#............ ,
#................
##...............
#...###......... #...
*..........


You could see a black bear and an orc wizard.

Vanquished Creatures
  Grinder (D:3)
  Crazy Yiuf (D:3)
  An iguana (D:4)
  3 adders
  An ufetubus (D:4)
  2 worms
  A dart slug (D:3)
  9 orcs
  An endoplasm (D:4)
  3 giant cockroaches
  10 goblins
  3 hobgoblins
  8 jackals (D:3)
  4 quokkas
  A ball python (D:3)
  A kobold (D:2)
  2 rats (D:2)
52 creatures vanquished.

Vanquished Creatures (others)
  72 foxfires
72 creatures vanquished.

Grand Total: 124 creatures vanquished

Notes
Turn   | Place    | Note
-------+----------+-------------------------------------------
     0 | D:1      | hawla the Meteoran Fire Elementalist began the quest for
                  | the Orb.
     0 | D:1      | Reached XP level 1. HP: 14/14 MP: 5/5
    48 | D:2      | Reached skill level 4 in Fire Magic
    48 | D:2      | Reached XP level 2. HP: 20/20 MP: 4/6
    67 | D:3      | Noticed Grinder
    73 | D:2      | Learned a level 2 spell: Scorch
    92 | D:3      | Killed Grinder
    93 | D:3      | Reached skill level 6 in Fire Magic
    93 | D:3      | Reached XP level 3. HP: 8/26 MP: 0/9
    93 | D:3      | Reached XP level 4. HP: 10/33 MP: 0/11
    93 | D:3      | Reached XP level 5. HP: 11/38 MP: 0/12
    93 | D:3      | Reached XP level 6. HP: 13/45 MP: 0/13
    98 | D:3      | Learned a level 4 spell: Flame Wave
   326 | D:3      | Found a runed translucent door.
   327 | D:3      | Noticed Crazy Yiuf
   332 | D:3      | Killed Crazy Yiuf
   608 | D:3      | Noticed Robin
   610 | D:3      | Reached XP level 7. HP: 50/50 MP: 9/14
   788 | D:4      | HP: 2/50 [black bear (4)]
   788 | D:4      | Slain by a black bear

Illustrated notes

Levels and vault maps discovered:
D:1:      lightli_arrival_farm, layout_loops_ring,
          hellmonk_ecumenical_altar_heavens_door, grunt_decor_cap,
          minmay_hexomino_c4
D:2:      layout_basic
D:3:      layout_basic, mainiacjoe_overflow_alcove_4, uniq_robin,
          uniq_crazy_yiuf_cottage, uniq_grinder
D:4:      layout_cave_pools, nicolae_overflow_hallway_of_the_gods,
          portal_sewer_entry_f

Skill      XL: |  1  2  3  4  5  6  7 |
---------------+----------------------+-----
Fire Magic     | 4 6 |  6.4
Dodging        | 3 |  3.3
Spellcasting   | 4 |  4.3
Conjurations   | 3 4 |  4.3
Stealth        | |  1.4

Action                   |  1- 3 |  4- 6 |  7- 9 || total
-------------------------+-------+-------+-------++-------
Melee: Unarmed           |     5 |    10 |     9 ||    24
       Quarterstaff      |       |     1 |       ||     1
       Punch             |       |     1 |       ||     1
 Cast: Foxfire           |    10 |    21 |    14 ||    45
       Scorch            |     4 |    10 |     6 ||    20
       Flame Wave        |       |     1 |     4 ||     5
  Use: Potion            |     2 |       |     1 ||     3
       Scroll            |     1 |       |       ||     1
Armor: Robe              |     1 |       |    21 ||    22
       Skin              |     6 |       |       ||     6
Dodge: Dodged            |     2 |     4 |    21 ||    27
